 Dungeon Crawl Stone Soup version 0.27.0-1-g7a089689b8 (webtiles) character file.

Game seed: 5691204754752982578

48 Malachi the Skirmisher (level 3, -5/31 HPs)
             Began as a Palentonga Fighter on Aug 12, 2021.
             Was a Follower of Makhleb.
             Slain by a gnoll (13 damage)
             ... on level 2 of the Dungeon.
             The game lasted 00:02:43 (2091 turns).

Malachi the Skirmisher (Palentonga Fighter)         Turns: 2091, Time: 00:02:44

Health: -5/31      AC:  6    Str: 20    XL:     3   Next: 50%
Magic:  3/3        EV:  5    Int:  8    God:    Makhleb [*.....]
Gold:   119        SH:  8    Dex:  9    Spells: 2/2 levels left

rFire    . . .     SeeInvis +   a - +0 war axe
rCold    . . .     Faith    .   c - +0 kite shield
rNeg     . . .     Spirit   .   b - +0 scale mail
rPois    .         Reflect  .   (no helmet)
rElec    .         Harm     .   (no cloak)
rCorr    .         Rampage  .   (no gloves)
Will     .....                  (no barding)
Stlth    ..........             (no amulet)
HPRegen  0.10/turn              (no ring)
MPRegen  0.08/turn              (no ring)

@: no status effects
A: large, rugged brown scales 3, see invisible, deformed body, roll 1, armoured
tail
a: Rolling Charge, Renounce Religion


You were on level 2 of the Dungeon.
You worshipped Makhleb.
Makhleb was aware of your devotion.
You visited 1 branch of the dungeon, and saw 2 of its levels.

You collected 119 gold pieces.

Inventory:

Hand Weapons
 a - a +0 war axe (weapon)
Armour
 b - a +0 scale mail (worn)
 c - a +0 kite shield (worn)
Scrolls
 f - a scroll of fog {unknown}
 i - a scroll of vulnerability {unknown}
 k - a scroll of blinking {unknown}
Potions
 d - a potion of might
 e - a potion of ambrosia {unknown}
 g - a potion of brilliance {unknown}
 h - 2 potions of mutation {unknown}
 j - a potion of haste {unknown}
 l - 2 potions of berserk rage {unknown}


   Skills:
 + Level 3.1 Fighting
 + Level 2.7 Axes
 + Level 2.9 Armour
 + Level 0.7 Dodging
 + Level 2.7 Shields


You had 2 spell levels left.
You didn't know any spells.
Your spell library was empty.

Dungeon Overview and Level Annotations

Branches:
Dungeon (2/15)

Altars:
Makhleb


Innate Abilities, Weirdness & Mutations

You are completely covered in rugged brown scales. (AC +3, +7% HP)
You have supernaturally acute eyesight. (SInv)
Armour fits poorly on your strangely shaped body.
You can roll at nearby foes to attack.
You have a long armoured tail.


Message History

There are monsters nearby!
There are monsters nearby!
There are monsters nearby!
A gnoll comes into view. It is wielding a +0 spear.
The gnoll shouts!
Roll where?
Press: ? - help, Dir - move target, f - gnoll
Aim: a gnoll, wielding a +0 flail You roll forward with a clatter of scales!
You closely miss the gnoll.
Your tail-slap misses the gnoll.
The gnoll hits you but does no damage. The gnoll hits you with a +0 flail!
Unknown command.
You hit the gnoll.
The gnoll is moderately wounded.
The gnoll hits you with a +0 flail.
Unknown command.
You closely miss the gnoll. You tail-slap the gnoll.
The gnoll is heavily wounded.
You block the gnoll's attack. The gnoll hits you with a +0 flail!
* * * LOW HITPOINT WARNING * * *
You are too injured to fight recklessly!
Unknown command.
You completely miss the gnoll.
The gnoll is heavily wounded.
The gnoll barely misses you.
You closely miss the gnoll.
The gnoll is heavily wounded.
You block the gnoll's attack. x2
Your scale mail prevents you from hitting the gnoll.
Your tail-slap misses the gnoll.
The gnoll is heavily wounded.
The gnoll hits you but does no damage. The gnoll hits you with a +0 flail.
* * * LOW HITPOINT WARNING * * *
You slash the gnoll!
You kill the gnoll!
Makhleb accepts your kill.
You feel better.
You closely miss the gnoll. You block the gnoll's attack.
The gnoll hits you from afar with a +0 halberd!
You die...

#.# #.# #.##..>.... #.# #)#
#.##.....## #.# #.# #.##.....##
#####.#####.#### #.##.....##
#...†..........# #.##...).#.
#.###.#####.##.######.##...÷..#
###.# #.# #...........>..#.#.##
#...###.# ####.#######.........
.###.##.# #@# #####.#.## ##
##.#.# ####g# #.##.# # #...#
#..g.# #..... ## ##.### #g####
###### .###.## #.# ######
#....# #g# #..... ##)#.######
#g# #.#### #........# #.# #.#
###.####.# #g# #.#


You could see 2 gnolls.

Vanquished Creatures
  A gnoll (D:2)
  A worm (D:2)
  An endoplasm (D:1)
  3 giant cockroaches
  7 goblins
  3 hobgoblins (D:2)
  5 jackals (D:2)
  A bat (D:1)
  2 frilled lizards
  5 kobolds
  4 rats (D:1)
33 creatures vanquished.

Notes
Turn   | Place    | Note
-------+----------+-------------------------------------------
     0 | D:1      | Malachi the Palentonga Fighter began the quest for the Orb.
     0 | D:1      | Reached XP level 1. HP: 19/19 MP: 1/1
   464 | D:1      | Reached XP level 2. HP: 23/25 MP: 2/2
   810 | D:1      | Found a faded altar of an unknown god.
  1159 | D:1      | Became a worshipper of Makhleb the Destroyer
  1159 | D:1      | Reached * piety under Makhleb
  1678 | D:2      | Reached XP level 3. HP: 31/31 MP: 3/3
  2091 | D:2      | Slain by a gnoll

Illustrated notes

Levels and vault maps discovered:
D:1:      dpeg_arrival_chambers_temple_mockup, layout_loops_ring,
          hellmonk_ecumenical_altar_heavens_door
D:2:      layout_loops_ring

Action                   || total
-------------------------++-------
Melee: War axe           ||   115
       Tailslap          ||    11
 Abil: Rolling Charge    ||     9
Armor: Scale mail        ||    66
Dodge: Dodged            ||    26
Block: Kite shield       ||    52
